Description

TvZ 1-1-1 SUPA fast double drop into double liberator into 2-base tank push

Full breakdown of the build: https://www.youtube.com/watch?v=EGxJijOFrq0&feature=youtu.be

VOD

https://youtu.be/Pv2yHUKmPYo

Replay - TvZ 1-1-1 into 2 base tank

Build Order

Get SALT Encoding   

  12  0:01  SCV  
  13  0:13  SCV  
  14  0:18  Supply Depot  
  14  0:25  SCV  
  15  0:31  Refinery  
  15  0:39  SCV  
  16  0:45  Barracks  
  16  0:51  SCV  
  17  1:04  SCV  
  18  1:16  SCV  
  19  1:31  Orbital Command  
  19  1:32  Barracks Reactor  
  19  1:41  Command Center  
  19  1:50  Supply Depot  
  19  1:57  SCV  
  20  2:03  Factory  
  20  2:08  Marine x2  
  21  2:12  SCV  
  23  2:17  Refinery  
  23  2:25  SCV  
  23  2:26  Marine x2  
  26  2:44  Marine x2  
  26  2:48  Starport, Factory Reactor  
  30  3:00  Orbital Command  
  31  3:14  Marine x2  
  34  3:31  Medivac x2  
  34  3:32  Widow Mine  
  34  3:34  Marine x2  
  41  3:39  Supply Depot  
  46  3:52  Liberator  
  49  4:10  Factory Tech Lab  
  49  4:12  Supply Depot  
  53  4:21  Barracks x3  
  54  4:27  Engineering Bay  
  55  4:49  Siege Tank  
  55  4:50  Refinery  
  60  5:00  Barracks x2  
  62  5:24  Liberator  
  62  5:36  Barracks Tech Lab x2  
  62  5:39  Supply Depot, Barracks Reactor  
  69  6:02  Combat Shield  
  69  6:03  Stimpack  
  66  6:05  Siege Tank  
  66  6:10  Refinery  
  71  6:15  Medivac  
  81  6:26  Terran Infantry Weapons Level 1  
  82  6:36  Barracks Reactor  
  94  7:02  Siege Tank  
  94  7:03  Medivac  
  103  7:19  Medivac  
  111  7:34  Siege Tank  
  120  8:22  Command Center  
  117  8:28  Medivac, Siege Tank  
Spawning Tool Build Advisor. Get it on Overwolf

Go to:

Details

  • Created by: PiG      
  • Published on: Aug 12, 2019
  • Patch: 4.7.1
Show
View Real Time Build Order
Export as new Build Order

Comments (0)

There are no comments. Be the first!

Create an account to comment!